cohdb
Replays
Latest Replays
All Replays
Popular Replays
Top Player Replays
Match Explorer
How It Works
Community
CoH3 Stats
Reddit
Sign in to upload your games and track your stats! →
Sign in with Steam
Match 45526380
Unlisted
Match 45526380
Overview
Messages
Build Orders
End
Scout Squad
Construct Weapon Support Center
M1919 Machine Gun Team
Bazooka Squad
M1919 Machine Gun Team
Air Support Center
Engineer Squad
M3 Armored Personnel Carrier
Selects Heavy Weapons
Selects Assault Carriers
HulkSMASH
Woon86
Papa Smurf
Helmuth von Moltke
The Wolf, Duc Volpe
Pat216
0
0
Comments
sign in to comment!
No comments posted yet!